 Dungeon Crawl Stone Soup version 0.27.0 (webtiles) character file.

Game seed: 6365380532456976461

275035 wakim the Cryomancer (level 19, 0/112 HPs)
             Began as a Deep Elf Ice Elementalist on July 30, 2021.
             Was the Champion of Vehumet.
             Slain by a +2 dire flail of protection (16 damage)
             ... on level 2 of the Elven Halls.
             The game lasted 03:03:27 (54680 turns).

wakim the Cryomancer (Deep Elf Ice Elementalist)   Turns: 54680, Time: 03:03:28

Health: 0/112      AC: 13    Str:  6    XL:     19   Next: 54%
Magic:  18/40      EV: 17    Int: 32    God:    Vehumet [******]
Gold:   961        SH: 17    Dex: 15    Spells: 16/48 levels left

rFire    + + +     SeeInvis .   a - +7 falchion of Departure {venom, rPois rF++ Str-5 Int+3}
rCold    . . .     Faith    .   d - +0 kite shield of the Earth {rN+}
rNeg     + . .     Spirit   .   f - +1 leather armour {Will+}
rPois    +         Reflect  +   h - +0 helmet
rElec    +         Harm     .   g - +1 cloak
rCorr    +         Rampage  +   i - +2 pair of gloves of Ryckimedd {Will+ Str+4}
Will     +++..                  l - +2 pair of boots {rampage}
Stlth    +++.......             q - amulet of reflection
HPRegen  0.28/turn              z - ring of Day {Wiz rF+ Str+4}
MPRegen  0.27/turn              M - ring "Keined" {rElec rCorr}

@: in a vortex, flying (expiring), hasted, very quick
A: weak 1
}: 2/15 runes: decaying, gossamer
a: Renounce Religion


You were on level 2 of the Elven Halls.
You worshipped Vehumet.
Vehumet was exalted by your worship.
You visited 7 branches of the dungeon, and saw 34 of its levels.
You also visited: Bailey.

You collected 3775 gold pieces.
You spent 2814 gold pieces at shops.

Inventory:

Hand Weapons
 a - the +7 falchion of Departure (weapon) {venom, rPois rF++ Str-5 Int+3}
   (You bought it in a shop on level 1 of the Dungeon)

   It poisons the flesh of those it strikes.
   Str:       It affects your strength (-5).
   Int:       It affects your intelligence (+3).
   rF:        It greatly protects you from fire.
   rPois:     It protects you from poison.
 b - the +8 dagger of Causality {drain, rC++ Str+2 Int-4 Dex+2}
   (You bought it in a shop on level 1 of the Dungeon)

   A truly terrible weapon, it drains the life of any living foe it strikes.
   Str:       It affects your strength (+2).
   Int:       It affects your intelligence (-4).
   Dex:       It affects your dexterity (+2).
   rC:        It greatly protects you from cold.
Missiles
 m - 4 throwing nets {=f!f}
Armour
 d - the +0 kite shield of the Earth (worn) {rN+}
   (You bought it in a shop on level 7 of the Dungeon)

   rN:        It protects you from negative energy.
 f - a +1 leather armour of willpower (worn)
 g - a +1 cloak (worn)
 h - a +0 helmet (worn)
 i - the +2 pair of gloves of Ryckimedd (worn) {Will+ Str+4}
   (You acquired it on level 1 of the Spider Nest)

   Str:       It affects your strength (+4).
   Will:      It increases your willpower.
 l - a +2 pair of boots of rampaging (worn)
 n - the +0 pair of gloves "Bomishie" {Fly Dex+4}
   (You found it in a bailey)

   Dex:       It affects your dexterity (+4).
   Fly:       It grants you flight.
Jewellery
 e - a ring of protection from cold
 j - a ring of see invisible
 p - a +4 ring of protection
 q - an amulet of reflection (around neck)
 z - the ring of Day (left hand) {Wiz rF+ Str+4}
   (You found it on level 5 of the Dungeon)

   [ring of wizardry]

   It improves your spell success rate.
   Str:       It affects your strength (+4).
   rF:        It protects you from fire.
 B - the ring of Zeirphoupn {rF- rN+ Int+3 Dex+8}
   (You found it on level 14 of the Dungeon)

   [ring of positive energy]

   Int:       It affects your intelligence (+3).
   Dex:       It affects your dexterity (+8).
   rF:        It makes you vulnerable to fire.
   rN:        It protects you from negative energy.
 M - the ring "Keined" (right hand) {rElec rCorr}
   (You bought it in a shop on level 1 of the Orcish Mines)

   [ring of resist corrosion]

   rElec:     It insulates you from electricity.
   rCorr:     It protects you from acid and corrosion.
Wands
 k - a wand of acid (10)
 s - a wand of iceblast (40)
 t - a wand of digging (10)
 u - a wand of mindburst (12)
 v - a wand of flame (148)
 y - a wand of paralysis (32)
Scrolls
 o - 2 scrolls of brand weapon
 r - 6 scrolls of identify
 x - 4 scrolls of enchant weapon
 P - 3 scrolls of enchant armour
 R - 5 scrolls of magic mapping {!r}
 S - a scroll of summoning
 T - 8 scrolls of teleportation
 U - a scroll of fear
 V - 2 scrolls of vulnerability {!r!r}
 W - 3 scrolls of holy word
 X - 4 scrolls of fog
 Z - 3 scrolls of silence {!r}
Potions
 A - 9 potions of ambrosia
 C - a potion of berserk rage {!q}
 D - 3 potions of brilliance
 E - 4 potions of cancellation
 F - 11 potions of curing
 G - 3 potions of flight
 H - 5 potions of haste
 I - 4 potions of invisibility
 J - 2 potions of heal wounds
 K - 3 potions of magic
 L - 8 potions of lignification {!q}
 N - 5 potions of might
 O - 4 potions of resistance
Miscellaneous
 w - a phial of floods


   Skills:
 * Level 10.1 Fighting
 + Level 1.1(1.5) Short Blades
 + Level 1.1(1.3) Long Blades
 + Level 1.0 Armour
 * Level 11.9 Dodging
 - Level 6.0 Stealth
 - Level 15.0 Shields
 - Level 15.0 Spellcasting
 - Level 8.0 Conjurations
 - Level 8.0 Translocations
 + Level 5.3 Fire Magic
 + Level 21.4 Ice Magic
 - Level 5.0 Earth Magic
 + Level 6.2 Evocations


You had 16 spell levels left.
You knew the following spells:

 Your Spells              Type           Power      Damage    Failure   Level
a - Polar Vortex          Ice            51%        N/A       5%          9
b - Starburst             Conj/Fire      30%        8x6d9     3%          6
c - Ozocubu's Armour      Ice            100%       N/A       0%          3
f - Iskenderun's Mystic   Conj/Tloc      66%        2d14      1%          4
q - Sticky Flame          Conj/Fire      61%        2d8       1%          4
s - Swiftness             Air            24%        N/A       3%          3
x - Stone Arrow           Conj/Erth      100%       3d13      1%          3

Your spell library contained the following spells:

 Spells                   Type           Power      Damage    Failure   Level
 Lehudib's Crystal Spear  Conj/Erth      30%        10d8      71%         8
 Fire Storm               Conj/Fire      30%        8d8       100%        9
 Shatter                  Erth           27%        3d23*     100%        9
 Freeze                   Ice            100%       1d11      0%          1
 Frozen Ramparts          Ice            100%       1d12      0%          3
 Foxfire                  Conj/Fire      100%       2x1d9     1%          1
 Sandblast                Erth           100%       2d20      1%          1
 Call Imp                 Summ           24%        N/A       1%          2
 Ensorcelled Hibernation  Hex/Ice        100%       N/A       1%          2
 Passwall                 Tmut/Erth      33%        N/A       1%          2
 Static Discharge         Conj/Air       49%        N/A       1%          2
 Sublimation of Blood     Necr           12%        N/A       1%          2
 Conjure Flame            Conj/Fire      61%        6-21      1%          3
 Dazzling Flash           Conj/Hex       98%        N/A       1%          3
 Gell's Gravitas          Tloc           33%        N/A       1%          3
 Inner Flame              Hex/Fire       41%        N/A       1%          3
 Lesser Beckoning         Tloc           33%        N/A       1%          3
 Portal Projectile        Hex/Tloc       98%        N/A       1%          3
 Teleport Other           Tloc           66%        N/A       1%          3
 Hailstorm                Conj/Ice       87%        3d17      1%          4
 Passage of Golubria      Tloc           N/A        N/A       1%          4
 Fireball                 Conj/Fire      30%        3d13      1%          5
 Freezing Cloud           Conj/Ice/Air   36%        6-21      1%          5
 Manifold Assault         Tloc           66%        N/A       1%          5
 Ozocubu's Refrigeration  Ice            51%        4d15      1%          7
 Simulacrum               Ice/Necr       37%        N/A       2%          6
 Spider Form              Tmut/Pois      12%        N/A       3%          3
 Tukima's Dance           Hex            24%        N/A       3%          3
 Dispersal                Tloc           33%        N/A       6%          6
 Yara's Violent Unravell  Hex/Tmut       12%        3d7       9%          5
 Animate Dead             Necr           12%        N/A       12%         4
 Dispel Undead            Necr           24%        3d12      12%         4
 Borgnjor's Vile Clutch   Necr/Erth      20%        N/A       12%         5
 Agony                    Necr           24%        N/A       30%         5
 Blade Hands              Tmut           12%        N/A       30%         5
 Excruciating Wounds      Necr           12%        N/A       30%         5
 Silence                  Hex/Air        12%        N/A       30%         5
 Summon Mana Viper        Hex/Summ       24%        N/A       30%         5
 Death Channel            Necr           12%        N/A       83%         6
 Invisibility             Hex            12%        N/A       83%         6
 Shadow Creatures         Summ           N/A        N/A       83%         6
 Ignition                 Fire           27%        3d9       83%         8
 Dragon's Call            Summ           12%        N/A       100%        9


Dungeon Overview and Level Annotations

Branches:
Dungeon (15/15)            Temple (1/1) D:4            Lair (6/6) D:10
  Swamp (4/4) Lair:3       Spider (4/4) Lair:2        Slime (0/5) Lair:5
    Orc (2/2) D:11            Elf (2/3) Orc:2        Vaults (0/5) D:13
 Depths (0/5) D:15         Bailey (visited)

Altars:
Ashenzari
Cheibriados
Dithmenos
Elyvilon
Fedhas
Gozag
Hepliaklqana
Kikubaaqudgha
Makhleb
Nemelex Xobeh
Okawaru
Qazlal
Ru
Sif Muna
Trog
Uskayaw
Vehumet
Wu Jian
Xom
Yredelemnul
Zin
The Shining One
Jiyva

Shops:
D:1 *[=(   D:5 *   D:6 ?   D:7 [![[!   D:14 (   Orc:1 =   Orc:2 *[:*!   Elf:2 *


Innate Abilities, Weirdness & Mutations

You are weak. (Str -2)


Message History

The deep elf blademaster hits you with a +0 short sword.
The deep elf blademaster hits you with a +0 short sword!!
* * * LOW HITPOINT WARNING * * *
You block the deep elf blademaster's attack.
You are engulfed in whirling frost.
The deep elf blademaster hits you with a +0 short sword.
* * * LOW HITPOINT WARNING * * *
The deep elf blademaster hits you but does no damage.
You feel yourself speed up. The winds around you calm down.
The deep elf blademaster hits you with a +0 short sword.
* * * LOW HITPOINT WARNING * * *
You block the deep elf blademaster's attack.
You block the +0 bardiche of pain's attack.
The deep elf blademaster hits you with a +0 short sword!
* * * LOW HITPOINT WARNING * * *
The deep elf blademaster hits you with a +0 short sword.
* * * LOW HITPOINT WARNING * * *
Casting: Polar Vortex (dangerous; 5% risk of failure)
Confirm with . or Enter, or press ? or * to list all spells.
A great freezing vortex appears and lifts you up.
You block the deep elf blademaster's attack.
The deep elf blademaster hits you with a +0 short sword!
* * * LOW HITPOINT WARNING * * *
The deep elf knight gestures wildly while chanting.
The deep elf knight flickers and vanishes!
Deactivating autopickup; reactivate with Ctrl-A.
Vehumet accepts your kill.
You feel your power returning.
Reactivating autopickup.
You feel a bit more experienced.
The +0 bardiche of pain falls from the air.
Vehumet accepts your kill.
You kill the deep elf blademaster!
Vehumet accepts your kill.
You feel your power returning.
Your Armour skill increases to level 1!
You rampage towards the +2 dire flail of protection!
The +2 dire flail of protection hits you!
You die...

.................... .
......................... ..
........................ ...
#.§§§§§§§§§............ ....
##§§§§§§§§§§...........
.....##.§§§§§§§§§§...........
........§§§§§§§§§§§.......)..
........§§§§@§§§§§......)....
........§§§(§§§§§§§..........
........§§(§§#§§§§...........
#.......§§§§###§§§§........).
#.......§§§## ##§.§..........
............ #..............
.............#...............
.............................
...##.....###).).


You could see 2 dancing weapons.

Vanquished Creatures
  Jorgrun (Swamp:1)
  Rupert (D:13)
  A deep elf blademaster (Elf:2)
  Gastronok (D:11)
  3 thorn hunters (Swamp:4)
  A fire giant (D:14)
  3 fenstrider witches (Swamp:4)
  2 frost giants (D:14)
  Louise (Swamp:1)
  4 ghost moths (Spider:4)
  3 emperor scorpions
  A deep elf elementalist (Elf:2)
  2 ghouls
  2 deep elf demonologists
  A bunyip (Swamp:3)
  Nessos (D:13)
  A deep elf annihilator (Elf:1)
  6 entropy weavers
  3 spark wasps
  A blizzard demon (Swamp:4)
  Snorg (D:11)
  3 eleionomae
  An ettin (D:15)
  A green death (Swamp:4)
  A shambling mangrove (Swamp:4)
  A ghost crab (Swamp:2)
  16 hydras
  5 boulder beetles
  6 catoblepae
  4 centaur warriors
  3 ogre magi
  9 alligators
  17 dancing weapons
  3 tengu warriors
  12 two-headed ogres
  14 death yaks
  Urug (D:13)
  5 orc high priests
  15 deep elf knights
  3 soul eaters (Swamp:4)
  8 spriggan druids
  6 goliath frogs
  2 deep trolls (D:15)
  9 swamp dragons
  5 bog bodies
  9 deep elf archers
  2 wizards (Swamp:4)
  2 necromancers (D:15)
  14 orb spiders
  29 deep elf zephyrmancers
  8 orc knights
  A mana viper (shapeshifter) (D:14)
  3 cyclopes
  21 deep elf pyromancers
  37 wolf spiders
  A will-o-the-wisp (Swamp:1)
  6 orc sorcerers
  5 manticores
  9 ugly things
  4 moths of wrath
  14 elephants
  5 black mambas
  Maurice (D:8)
  2 torpor snails
  16 cane toads
  Maggie (D:8)
  2 hellwings (Swamp:4)
  13 komodo dragons
  15 demonic crawlers
  A tengu conjurer (D:13)
  12 rime drakes
  6 trolls
  A merfolk (D:10)
  A queen bee (D:13)
  20 jumping spiders
  25 hornets
  3 meliai (D:13)
  15 blink frogs
  13 tyrant leeches
  12 slime creatures
  4 centaur simulacra
  9 dream sheep
  2 shadows
  A wyvern (shapeshifter) (D:13)
  A fire elemental (Elf:2)
  85 redbacks
  8 basilisks
  41 tarantellas
  7 wyverns
  3 air elementals
  A wraith (D:9)
  16 humans (D:13)
  10 spriggans
  A neqoxec (Swamp:4)
  71 yaks
  2 chaos spawn (Swamp:4)
  5 wargs
  13 vampire mosquitoes
  A swamp worm (shapeshifter) (Elf:2)
  17 water moccasins
  17 swamp worms
  An acid dragon (D:10)
  31 orc warriors
  2 black bears
  2 ice beasts
  3 swamp drakes (Swamp:2)
  3 necrophages
  18 wolves
  11 ogres
  3 centaurs
  3 kobold brigands
  2 gnoll sergeants
  18 bullfrogs
  11 scorpions
  4 earth elementals
  A water moccasin zombie (D:5)
  A wyvern skeleton (D:7)
  22 killer bees
  4 wights (D:8)
  10 howler monkeys
  7 electric eels
  2 centaur zombies
  A bullfrog zombie (D:7)
  21 orc priests
  3 hounds (D:4)
  A bullfrog skeleton (D:7)
  3 centaur skeletons
  10 iguanas
  25 orc wizards
  4 hell rats (Lair:4)
  A hound skeleton (D:4)
  3 howler monkey zombies
  Robin (D:2)
  24 gnolls
  7 adders
  2 ufetubi
  3 worms
  3 dart slugs (D:3)
  91 orcs
  10 endoplasms
  6 giant cockroaches
  19 goblins
  8 hobgoblins
  5 jackals
  24 kobolds
  6 quokkas
  6 ball pythons
  7 bats
  4 frilled lizards
  5 rats
  7 briar patches (Swamp:4)
1303 creatures vanquished.

Vanquished Creatures (others)
  A deep elf pyromancer (Elf:1)
  A manticore (D:15)
  A yak (Lair:6)
  A bush (Lair:6)
  73 fungi
  139 plants
216 creatures vanquished.

Grand Total: 1519 creatures vanquished

Notes
Turn   | Place    | Note
-------+----------+-------------------------------------------
     0 | D:1      | wakim the Deep Elf Ice Elementalist began the quest for the
                  | Orb.
     0 | D:1      | Reached XP level 1. HP: 10/10 MP: 6/6
    88 | D:1      | Found Waeps's Jewellery Boutique.
   302 | D:1      | Reached XP level 2. HP: 15/15 MP: 4/8
   381 | D:1      | Found a faded altar of an unknown god.
   483 | D:1      | Found Zautid's Antique Armour Shoppe.
   536 | D:1      | Reached skill level 5 in Ice Magic
   615 | D:1      | Found Tenitwy's Assorted Antiques.
   887 | D:1      | Found Keladd's Antique Weapon Boutique.
  1238 | D:2      | Reached XP level 3. HP: 18/19 MP: 10/10
  1242 | D:2      | Learned a level 3 spell: Frozen Ramparts
  1246 | D:2      | Learned a level 3 spell: Ozocubu's Armour
  1257 | D:2      | Found an iron altar of Okawaru.
  1279 | D:2      | Noticed Robin
  1289 | D:2      | Killed Robin
  1571 | D:2      | Reached XP level 4. HP: 24/24 MP: 12/12
  1713 | D:2      | Reached skill level 6 in Ice Magic
  2197 | D:3      | Reached XP level 5. HP: 28/28 MP: 13/13
  2374 | D:3      | Found a hazy altar of Hepliaklqana.
  3142 | D:3      | You fall into a shaft and drop 1 floor!
  3154 | D:4      | Reached skill level 7 in Ice Magic
  3397 | D:4      | Learned a level 4 spell: Hailstorm
  3489 | D:4      | Reached XP level 6. HP: 29/32 MP: 13/14
  3715 | D:4      | Reached skill level 1 in Fighting
  3715 | D:4      | Reached skill level 8 in Ice Magic
  4063 | D:4      | Found a staircase to the Ecumenical Temple.
  4110 | Temple   | Entered the Ecumenical Temple
  4115 | Temple   | Became a worshipper of Vehumet
  4188 | D:4      | Reached skill level 5 in Spellcasting
  4188 | D:4      | Reached XP level 7. HP: 38/38 MP: 16/16
  4505 | D:1      | Bought a buckler for 135 gold pieces
  4535 | D:1      | Bought a scroll labelled COOMEDAUSM for 22 gold pieces
  4662 | D:5      | Entered Level 5 of the Dungeon
  4847 | D:5      | Reached skill level 1 in Shields
  4847 | D:5      | Reached skill level 1 in Conjurations
  5108 | D:5      | Found Zin's Purification Station.
  5151 | D:5      | Reached XP level 8. HP: 28/45 MP: 9/17
  5153 | D:5      | Reached * piety under Vehumet
  5153 | D:5      | Offered knowledge of Sandblast by Vehumet.
  5312 | D:5      | Learned a level 1 spell: Sandblast
  6159 | D:5      | Found a glowing silver altar of Zin.
  6205 | D:5      | Found a transporter.
  6238 | D:5      | Identified the ring of Day {Wiz rF+ Str+4}
  6277 | D:5      | Reached skill level 5 in Dodging
  6457 | D:5      | Found a transporter.
  6908 | D:5      | Reached skill level 1 in Earth Magic
  7100 | D:1      | Bought a scroll labelled JIOCLE WODIAT for 22 gold pieces
  7100 | D:1      | Bought a scroll labelled FITHITHRUMI for 22 gold pieces
  7100 | D:1      | Bought a scroll labelled MISALL XEDAIXU for 22 gold pieces
  7100 | D:1      | Bought a scroll labelled SAETO OGOT GAD for 22 gold pieces
  7102 | D:1      | Identified a scroll of acquirement
  7102 | D:1      | Acquired 496 gold pieces
  7104 | D:1      | Bought 3 scrolls of identify for 132 gold pieces
  7104 | D:1      | Bought a scroll labelled SARIFE ECEAKIZ for 22 gold pieces
  7104 | D:1      | Bought a scroll labelled SUQOQI URRUBRA for 22 gold pieces
  7158 | D:1      | Bought a shimmering dagger for 210 gold pieces
  7158 | D:1      | Identified the +8 dagger of Causality {drain, rC++ Str+2
                  | Int-4 Dex+2} (You bought it in a shop on level 1 of the
                  | Dungeon)
  7609 | D:6      | Identified the +0 ring mail of the Sacrificial Victim
                  | {Rampage Str+4 Stlth+}
  7834 | D:6      | Reached XP level 9. HP: 52/52 MP: 16/18
  7899 | D:6      | Offered knowledge of Static Discharge by Vehumet.
  7972 | D:6      | Found Toaseb's Magic Scroll Emporium.
  7987 | D:6      | Reached ** piety under Vehumet
  8122 | D:6      | Bought a scroll of identify for 20 gold pieces
  8122 | D:6      | Bought a scroll of magic mapping for 35 gold pieces
  8122 | D:6      | Bought a scroll of identify for 20 gold pieces
  8122 | D:6      | Bought a scroll of identify for 20 gold pieces
  8179 | D:6      | Found a shimmering blue altar of Sif Muna.
  8377 | D:7      | Found Jeikhamp's Antique Armour Boutique.
  8412 | D:7      | Found a blossoming altar of Fedhas.
  8580 | D:7      | Found Paedd's Distillery.
  8644 | D:7      | Found Lyma's Distillery.
  8662 | D:7      | Bought a potion of heal wounds for 70 gold pieces
  8673 | D:7      | Found Micen's Antique Armour Shoppe.
  8906 | D:7      | Identified the +1 robe of Dull Life {Regen+}
  8913 | D:7      | Learned a level 3 spell: Teleport Other
  9070 | D:7      | Found Wofut's Antique Armour Shop.
  9081 | D:8      | Found a snail-covered altar of Cheibriados.
  9184 | D:8      | Reached skill level 5 in Fighting
  9295 | D:8      | Found a shadowy altar of Dithmenos.
  9322 | D:8      | Reached skill level 9 in Ice Magic
  9372 | D:8      | Noticed Maurice
  9380 | D:8      | Killed Maurice
  9380 | D:8      | Offered knowledge of Stone Arrow by Vehumet.
  9381 | D:8      | Reached skill level 5 in Shields
  9401 | D:8      | Learned a level 3 spell: Stone Arrow
  9551 | D:8      | Reached XP level 10. HP: 38/56 MP: 10/19
  9790 | D:8      | Noticed Maggie
  9798 | D:8      | Killed Maggie
 10182 | D:9      | Reached *** piety under Vehumet
 10331 | D:9      | Reached skill level 10 in Ice Magic
 10799 | D:9      | Found an iron altar of Okawaru.
 11015 | D:9      | Offered knowledge of Sticky Flame by Vehumet.
 11334 | D:10     | Entered Level 10 of the Dungeon
 11353 | D:10     | Found a flagged portal.
 11368 | D:10     | Reached skill level 1 in Translocations
 11396 | Bailey   | Entered a bailey
 11963 | Bailey   | Noticed an orc knight
 12092 | Bailey   | Killed an orc knight
 12093 | Bailey   | Reached skill level 11 in Ice Magic
 12292 | Bailey   | Identified the +0 pair of gloves "Bomishie" {Fly Dex+4}
 12322 | D:10     | Noticed a tengu warrior
 12339 | D:10     | Killed a tengu warrior
 12475 | D:10     | Noticed a tengu warrior
 12489 | D:10     | Noticed a two-headed ogre
 12492 | D:10     | Killed a tengu warrior
 12493 | D:10     | Reached XP level 11. HP: 49/64 MP: 5/22
 12501 | D:10     | Killed a two-headed ogre
 12862 | D:10     | Noticed a five-headed hydra
 12869 | D:10     | Killed a five-headed hydra
 13125 | D:10     | Reached **** piety under Vehumet
 13125 | D:10     | Noticed a two-headed ogre
 13299 | D:10     | Killed a two-headed ogre
 13300 | D:10     | Reached skill level 5 in Conjurations
 13300 | D:10     | Reached skill level 5 in Earth Magic
 13511 | D:10     | Found a staircase to the Lair.
 13514 | D:10     | Reached skill level 12 in Ice Magic
 13813 | Lair:1   | Entered Level 1 of the Lair of Beasts
 13920 | Lair:1   | Noticed a four-headed hydra
 13929 | Lair:1   | Killed a four-headed hydra
 13930 | Lair:1   | Reached skill level 5 in Translocations
 14309 | Lair:1   | Learned a level 4 spell: Sticky Flame
 14500 | Lair:1   | Offered knowledge of Iskenderun's Battlesphere by Vehumet.
 14501 | Lair:1   | Reached skill level 1 in Fire Magic
 15177 | Lair:1   | Noticed a six-headed hydra
 15183 | Lair:1   | Killed a six-headed hydra
 15535 | Lair:2   | Reached XP level 12. HP: 71/71 MP: 23/26
 15570 | Lair:2   | Noticed a seven-headed hydra
 15593 | Lair:2   | Identified the +0 ring mail "Seaham" {+Inv rC+ Str-4 Dex+3}
 15773 | Lair:2   | Killed a seven-headed hydra
 15774 | Lair:2   | Reached skill level 1 in Evocations
 16072 | Lair:2   | Found a hole to the Spider Nest.
 16505 | Lair:2   | Reached skill level 5 in Stealth
 16845 | D:7      | Bought a distressingly furry kite shield for 152 gold
                  | pieces
 16845 | D:7      | Identified the +0 kite shield of the Earth {rN+} (You
                  | bought it in a shop on level 7 of the Dungeon)
 17004 | D:1      | Bought a slimy falchion for 240 gold pieces
 17004 | D:1      | Identified the +7 falchion of Departure {venom, rPois rF++
                  | Str-5 Int+3} (You bought it in a shop on level 1 of the
                  | Dungeon)
 17311 | Lair:3   | Noticed a seven-headed hydra
 17317 | Lair:3   | Killed a seven-headed hydra
 17318 | Lair:3   | Reached skill level 5 in Fire Magic
 17612 | Lair:3   | Noticed a five-headed hydra
 17619 | Lair:3   | Killed a six-headed hydra
 18301 | Lair:3   | Identified the +10 rapier of Royalism {freeze, *Slow rElec
                  | Dex+3 Stlth+}
 18420 | Lair:3   | Noticed a boulder beetle
 18448 | Lair:3   | Killed a boulder beetle
 18474 | Lair:3   | Reached skill level 10 in Dodging
 18847 | Lair:3   | Found a staircase to the Swamp.
 18922 | Lair:4   | Identified the +3 short sword "Atusaff" {vorpal, rPois
                  | MP+9}
 18988 | Lair:4   | Reached ***** piety under Vehumet
 18988 | Lair:4   | Offered knowledge of Ozocubu's Refrigeration by Vehumet.
 18991 | Lair:4   | Reached skill level 5 in Evocations
 18992 | Lair:4   | Reached XP level 13. HP: 27/78 MP: 14/27
 19298 | Lair:3   | Learned a level 7 spell: Ozocubu's Refrigeration
 21511 | Lair:5   | Reached skill level 13 in Ice Magic
 22191 | Lair:5   | Found a viscous altar of Jiyva.
 22192 | Lair:5   | Found a staircase to the Slime Pits.
 22430 | Lair:5   | Offered knowledge of Iskenderun's Mystic Blast by Vehumet.
 22532 | Lair:5   | Learned a level 4 spell: Iskenderun's Mystic Blast
 22797 | Lair:6   | Entered Level 6 of the Lair of Beasts
 22800 | Lair:6   | Reached skill level 10 in Spellcasting
 22890 | Lair:6   | Reached XP level 14. HP: 62/84 MP: 21/30
 23532 | Lair:6   | Reached skill level 14 in Ice Magic
 24255 | Lair:6   | Reached skill level 10 in Shields
 25201 | Lair:6   | Learned a level 3 spell: Swiftness
 25459 | D:11     | Noticed Gastronok
 25943 | D:11     | Noticed Snorg
 25963 | D:11     | Killed Snorg
 26165 | D:11     | Offered knowledge of Bolt of Magma by Vehumet.
 26171 | D:11     | Found a staircase to the Orcish Mines.
 26424 | D:11     | Killed Gastronok
 26425 | D:11     | Reached skill level 15 in Ice Magic
 26425 | D:11     | Reached XP level 15. HP: 61/88 MP: 9/31
 27074 | Orc:1    | Entered Level 1 of the Orcish Mines
 27194 | Orc:1    | Found Junk's Jewellery Boutique.
 27202 | Orc:1    | Bought the ring "Keined" {rElec rCorr} for 612 gold pieces
 27834 | Orc:2    | Entered Level 2 of the Orcish Mines
 28023 | Orc:2    | Found a staircase to the Elven Halls.
 28396 | Orc:2    | Offered knowledge of Spellforged Servitor by Vehumet.
 29062 | Orc:2    | Found Rofasmib's Antique Armour Boutique.
 29062 | Orc:2    | Found Cunwawni's Book Emporium.
 29064 | Orc:2    | Found Jedikk's Assorted Antiques.
 29064 | Orc:2    | Found Eceegu Uful's Distillery.
 29070 | Orc:2    | Bought a pair of glowing boots for 232 gold pieces
 29139 | Orc:2    | Found Xeleuceucu's Assorted Antiques.
 30739 | D:13     | Found a gate to the Vaults.
 30739 | D:13     | Noticed Urug
 30739 | D:13     | Noticed Rupert
 30739 | D:13     | Noticed Nessos
 30741 | D:13     | Killed Nessos
 30936 | D:13     | Reached ****** piety under Vehumet
 31141 | D:13     | Killed Urug
 31144 | D:13     | Killed Rupert
 32363 | D:14     | Reached skill level 16 in Ice Magic
 32808 | D:14     | Found Nyclav's Weapon Shoppe.
 33050 | D:14     | Found a shimmering altar of Xom.
 33053 | D:14     | Found a shimmering altar of Xom.
 33054 | D:14     | Found a shimmering altar of Xom.
 33054 | D:14     | Found a shimmering altar of Xom.
 33055 | D:14     | Found a shimmering altar of Xom.
 33055 | D:14     | Found a shimmering altar of Xom.
 33055 | D:14     | Found a shimmering altar of Xom.
 33102 | D:14     | Noticed a frost giant
 33108 | D:14     | Noticed a frost giant
 33124 | D:14     | Killed a frost giant
 33128 | D:14     | Killed a frost giant
 33364 | D:14     | Identified the +11 fustibalus "Koirauv" {speed, rF- Str+5}
 33426 | D:14     | Noticed a fire giant
 33434 | D:14     | Killed a fire giant
 33709 | D:14     | Identified the ring of Zeirphoupn {rF- rN+ Int+3 Dex+8}
 34647 | Orc:2    | Bought a book of Ice for 782 gold pieces
 34819 | D:15     | Entered Level 15 of the Dungeon
 35157 | D:15     | Offered knowledge of Irradiate by Vehumet.
 35239 | D:15     | Reached XP level 16. HP: 93/93 MP: 25/34
 35425 | D:15     | Found a staircase to the Depths.
 35521 | D:15     | Found a burning altar of Makhleb.
 36449 | Elf:1    | Entered Level 1 of the Elven Halls
 36897 | Orc:2    | Learned a level 9 spell: Polar Vortex
 37270 | Swamp:1  | Entered Level 1 of the Swamp
 37274 | Swamp:1  | Reached skill level 17 in Ice Magic
 37968 | Swamp:1  | Noticed Louise
 37971 | Swamp:1  | Killed Louise
 38260 | Swamp:1  | Noticed Jorgrun
 38614 | Swamp:1  | Killed Jorgrun
 39446 | Swamp:2  | Offered knowledge of Lightning Bolt by Vehumet.
 39880 | Swamp:1  | Lost strength.
 40060 | Swamp:2  | Reached XP level 17. HP: 71/100 MP: 6/36
 41386 | Swamp:4  | Entered Level 4 of the Swamp
 41704 | Swamp:4  | Reached skill level 18 in Ice Magic
 43635 | Swamp:4  | Gained mutation: You are weak. (Str -2) [a neqoxec]
 43699 | Swamp:4  | Offered knowledge of Maxwell's Capacitive Coupling by
                  | Vehumet.
 43852 | Swamp:4  | Paralysed by something for 3 turns
 44301 | Swamp:4  | Got a decaying rune of Zot
 44769 | Elf:1    | Got the Reference Book on the Entourage
 45190 | Elf:1    | Paralysed by an air elemental for 1 turns
 46734 | Elf:1    | Reached XP level 18. HP: 107/107 MP: 33/37
 47162 | Spider:1 | Entered Level 1 of the Spider Nest
 47860 | Spider:1 | Reached skill level 19 in Ice Magic
 47926 | Spider:1 | Offered knowledge of Lehudib's Crystal Spear by Vehumet.
 47926 | Spider:1 | Offered knowledge of Fire Storm by Vehumet.
 47926 | Spider:1 | Offered knowledge of Shatter by Vehumet.
 47940 | Spider:1 | Acquired the +2 pair of gloves of Ryckimedd {Will+ Str+4}
 47974 | Spider:1 | Identified the +5 great sword "Umemog" {vorpal, +Rage Str+3
                  | Int+4}
 48038 | Spider:1 | Got the Catalogue of Darkness and Translocation
 48180 | Spider:1 | Identified the +0 tower shield of Soan {Harm Slay+3}
 48259 | Spider:2 | Identified the +0 robe of Uskayaw's Delight {Harm Dex+2}
 50324 | Spider:4 | Entered Level 4 of the Spider Nest
 51043 | Spider:4 | Reached skill level 15 in Shields
 51375 | Spider:4 | Reached skill level 15 in Spellcasting
 51557 | Spider:4 | Reached skill level 20 in Ice Magic
 52041 | Spider:4 | Reached XP level 19. HP: 107/112 MP: 40/40
 52734 | Spider:4 | Got a gossamer rune of Zot
 53436 | Elf:2    | Found a runed translucent gate.
 53436 | Elf:2    | Found a runed translucent gate.
 53438 | Elf:2    | Found a runed translucent gate.
 53502 | Elf:2    | Found Camaedua's General Store.
 53506 | Elf:2    | Reached skill level 21 in Ice Magic
 53530 | Elf:2    | Paralysed by an air elemental for 1 turns
 53533 | Elf:2    | Paralysed by an air elemental for 1 turns
 54305 | Elf:2    | Learned a level 6 spell: Starburst
 54321 | Elf:2    | Reached skill level 10 in Fighting
 54669 | Elf:2    | Reached skill level 1 in Short Blades
 54669 | Elf:2    | Reached skill level 1 in Long Blades
 54680 | Elf:2    | Reached skill level 1 in Armour
 54680 | Elf:2    | Slain by a +2 dire flail of protection

Illustrated notes

Levels and vault maps discovered:
D:1:      tarquinn_simple_flora_water_a, layout_basic, serial_shops,
          nicolae_shop_statue_plus, nicolae_square_shop, nicolae_shop_stone,
          nicolae_shop_overgrown_old_shop, dreamdust_ecumenical_altar_statues
D:2:      minmay_recursive_quarters, layout_rooms, basic_altar,
          serial_bayou_pond_a, st_stairs_8, chequers_serial_rivers_large_b,
          minmay_pentomino_q4, uniq_robin
D:3:      layout_loops_corners, mainiacjoe_overflow_alcove_1
D:4:      layout_basic, minmay_temple_entry_large_hall, cheibrodos_gnoll_hut
D:5:      gammafunk_steamed_eel, layout_basic, zin_purify, dk_vineyard_3
D:6:      layout_basic, led_sif_book, serial_shops, shop
D:7:      layout_rooms, fedhas_bush_and_centaur_altar, serial_shops,
          nicolae_shop_trees, nicolae_square_shop, nicolae_take_the_stairs,
          shop, kennysheep_mini_moat, minmay_misc_feat_secret_circle
D:8:      layout_basic, nicolae_overflow_crystal_walls,
          mainiacjoe_overflow_cross_hatched, uniq_maurice, uniq_maggie
D:9:      layout_roguey, lemuel_coloured_pillars_altar, kennysheep_flooded_box,
          small_statue_intersection, minivault_25_ag
D:10:     layout_cave_pools, grunt_lair_entry_orc_guard_hut, enter_bailey_5,
          hangedman_fish_farm
D:11:     layout_grid_maze, hiddenorc1_lemuel, uniq_snorg, uniq_gastronok
D:12:     layout_basic
D:13:     layout_loops_cross, david_vaults_3, special_room [special_room_bee]
D:14:     layout_stronghold, xom_redecorated, serial_shops, shop,
          minmay_diamond_spiral, uniq_nessos
D:15:     hangedman_depths_entry_civil_slaughter, layout_basic,
          lemuel_round_altar
Temple:   minmay_freezing_vapour_temple
Lair:1:   layout_gridlike, grunt_megastairs_2, infiniplex_staircase_pool
Lair:2:   layout_regular_city, nicolae_spider_entry_non_spiders,
          grunt_megastairs_1, uniq_urug
Lair:3:   beast_lair_carwin_large_3, layout_hall_layers,
          minmay_swamp_entry_worms, lemuel_fruit_fields
Lair:4:   layout_roguey [special_room_mythical_zoo], serial_bayou_pond_a,
          chequers_serial_rivers_micro_c, nicolae_lair_grove_arrangements,
          wad_woods_03, uniq_rupert
Lair:5:   layout_regular_city, slime_altar_1, wad_woods_river_02,
          beast_lair_carwin_6
Lair:6:   evilmike_catoblepas_cave, layout_loops_ring
Swamp:1:  layout_basic_swamp, evilmike_swamp_ruin_house_4,
          infiniplex_staircase_pool_2, uniq_louise, uniq_jorgrun
Swamp:2:  layout_falls_marsh, evilmike_swamp_ruin_house_2, swamp_pool5
Swamp:3:  layout_basic_swamp, evilmike_swamp_ruin_house_1
Swamp:4:  nzn_swamp_witches_coven, layout_basic_swamp
Spider:1: layout_spider_delve, einodemon_crawler_minivault
Spider:2: nicolae_spider_hilbert_zone_7 [nicolae_spider_hilbert_4_sides_1_open,
          nicolae_spider_hilbert_4_sides_1_open,
          nicolae_spider_hilbert_4_sides_1_open,
          nicolae_spider_hilbert_4_sides_1_open,
          nicolae_spider_hilbert_3_sides_1_open,
          nicolae_spider_hilbert_3_sides_1_open,
          nicolae_spider_hilbert_3_sides_1_open,
          nicolae_spider_hilbert_3_sides_1_open,
          nicolae_spider_hilbert_4_sides_1_open,
          nicolae_spider_hilbert_4_sides_1_open,
          nicolae_spider_hilbert_4_sides_1_open,
          nicolae_spider_hilbert_2_sides_1_open,
          nicolae_spider_hilbert_2_sides_1_open,
          nicolae_spider_hilbert_2_sides_1_open,
          nicolae_spider_hilbert_2_sides_1_open,
          nicolae_spider_hilbert_2_sides_1_open,
          nicolae_spider_hilbert_2_sides_1_open]
Spider:3: layout_spider_delve, drop_trap, nicolae_spider_some_kinda_spiderbox
Spider:4: grunt_spider_rune_parallel
Orc:1:    layout_caves, serial_shops, nicolae_shop_stone
Orc:2:    grunt_orc_tribal_feast, layout_diamond_mine, serial_shops,
          nicolae_shop_trees
Elf:1:    elf_arrival_001, layout_geoelf_diagonals, minmay_elf_demonology,
          nicolae_wwwww
Elf:2:    elven_hall_of_blades_hangedman_original [nooodl_blade_entry_preview],
          layout_geoelf_diagonals, serial_shops, shop

Skill      XL: |  1  2  3  4  5  6  7  8  9 10 11 12 13 14 15 16 17 18 19 |
---------------+----------------------------------------------------------+-----
Ice Magic      | 5 6 7 8 9 11 12 13 15 16 17 18 20 21 | 21.4
Spellcasting   | 4 5 6 8 10 12 13 15 | 15.0
Fighting       | 1 2 4 5 6 7 8 9 10 | 10.1
Dodging        | 3 4 6 8 10 11 | 11.9
Shields        | 2 4 5 6 7 9 10 11 13 14 15 | 15.0
Conjurations   | 2 3 4 5 7 8 |  8.0
Earth Magic    | 3 4 5 |  5.0
Translocations | 2 5 7 8 |  8.0
Stealth        | 4 6 |  6.0
Fire Magic     | 3 5 |  5.3
Evocations     | 5 6 |  6.2
Short Blades   | 1 |  1.1
Long Blades    | 1 |  1.1
Armour         | 1 |  1.0

Action                   |  1- 3 |  4- 6 |  7- 9 | 10-12 | 13-15 | 16-18 | 19-21 || total
-------------------------+-------+-------+-------+-------+-------+-------+-------++-------
Melee: Short sword       |       |    19 |    28 |       |       |       |       ||    47
       Spear             |       |       |    41 |       |       |       |       ||    41
       Dagger            |       |       |    76 |   149 |     3 |    64 |       ||   292
       Falchion          |       |       |       |    54 |   332 |   129 |    25 ||   540
 Cast: Freeze            |    33 |    26 |     7 |       |       |       |       ||    66
       Frozen Ramparts   |     7 |    32 |    38 |    76 |    64 |     9 |     1 ||   227
       Ozocubu's Armour  |       |     6 |    20 |    43 |    41 |    15 |     1 ||   126
       Hailstorm         |       |       |    13 |    44 |    17 |       |       ||    74
       Sandblast         |       |       |     5 |     1 |       |       |       ||     6
       Stone Arrow       |       |       |     2 |    51 |    55 |    75 |     3 ||   186
       Sticky Flame      |       |       |       |    11 |    45 |    35 |       ||    91
       Teleport Other    |       |       |       |     1 |     1 |       |       ||     2
       Ozocubu's Refrige |       |       |       |       |   130 |   294 |     4 ||   428
       Iskenderun's Myst |       |       |       |       |    31 |    35 |       ||    66
       Swiftness         |       |       |       |       |       |     1 |       ||     1
       Polar Vortex      |       |       |       |       |       |    23 |    22 ||    45
       Starburst         |       |       |       |       |       |       |     1 ||     1
Evoke: Wand              |       |       |     5 |       |       |     1 |       ||     6
  Use: Scroll            |       |       |    22 |     6 |     4 |     3 |     4 ||    39
       Potion            |       |       |     2 |       |     3 |     5 |     8 ||    18
 Stab: Sleeping          |       |       |     1 |     1 |     6 |     1 |     1 ||    10
       Petrified         |       |       |       |       |     1 |       |       ||     1
       Paralysed         |       |       |       |       |       |     4 |       ||     4
Armor: Robe              |     9 |    28 |       |       |       |       |       ||    37
       Leather armour    |       |       |    89 |    54 |   117 |    77 |    10 ||   347
Dodge: Dodged            |    14 |    39 |   117 |   163 |   189 |   221 |    43 ||   786
Block: Buckler           |       |       |    44 |    66 |       |       |       ||   110
       Kite shield       |       |       |       |    62 |   376 |   390 |    66 ||   894
       Reflection        |       |       |       |     1 |     9 |    13 |     7 ||    30
       Rpst.: Falchion   |       |       |       |    15 |    42 |    23 |     7 ||    87
